 Dungeon Crawl Stone Soup version 0.16-a0-3939-g9a3e665 (console) character file.

608 Monkaria the Cleaver (level 7, -4/61 HPs)
             Began as a Hill Orc Fighter on Feb 6, 2015.
             Killed by divine providence
             ... invoked by an orc priest
              (16 damage)
             ... on level 5 of the Dungeon.
             The game lasted 00:11:09 (4671 turns).

Monkaria the Cleaver (Hill Orc Fighter)             Turns: 4671, Time: 00:11:09

Health: -4/61      AC:  9    Str: 20    XL:     7   Next: 43%
Magic:  7/7        EV:  7    Int:  8    God:
Gold:   266        SH:  9    Dex: 11    Spells: 0 memorised, 6 levels left

rFire  . . .     SeeInvis +     a - +0 war axe
rCold  . . .     Clarity  .     b - +0 scale mail
rNeg   . . .     SustAb   .     c - +0 shield
rPois  .         Gourm    .     (no helmet)
rElec  .         Spirit   .     k - +0 cloak {+Inv}
rCorr  +         Warding  .     m - +0 pair of gloves
rMut   .         Stasis   .     (no boots)
MR     .....                    B - amulet of resist corrosion
Stlth  ..........               (no ring)
                                r - ring of see invisible

@: not resistant to hostile enchantments, extremely unstealthy
A: no striking features
a: Convert to Beogh, Evoke Invisibility


You were on level 5 of the Dungeon.
You were not hungry.

You visited 1 branch of the dungeon, and saw 5 of its levels.
You also visited: Sewer.

You collected 266 gold pieces.

Inventory:

Hand weapons
 a - a +0 war axe (weapon)
 u - a +0 blowgun
Missiles
 v - 21 poisoned needles
Armour
 b - a +0 scale mail (worn)
 c - a +0 shield (worn)
 k - a +0 cloak of invisibility (worn)
 m - a +0 pair of gloves (worn)
Jewellery
 j - an uncursed ring of ice
 p - an uncursed ring of teleportation
 r - a ring of see invisible (left hand)
 B - an amulet of resist corrosion (around neck)
Magical devices
 y - a wand of fire (8)
Scrolls
 l - a scroll of recharging
 q - 2 scrolls of remove curse
 w - a scroll of teleportation
 x - a scroll of enchant weapon {unknown}
 A - a scroll of noise {unknown}
Potions
 e - a potion of might
 g - 2 potions of mutation
 h - a potion of restore abilities
 i - 5 potions of magic {unknown}
 n - 3 potions of haste {unknown}
 o - a potion of invisibility
 s - 2 potions of curing
 t - 3 potions of heal wounds {unknown}
 C - a potion of cure mutation {unknown}
 E - a potion of lignification {unknown}
Comestibles
 d - a meat ration
 f - 5 bread rations


   Skills:
 - Level 5.0 Fighting
 * Level 9.8 Axes
 - Level 3.2 Armour
 - Level 3.2 Shields


You had 6 spell levels left.
You didn't know any spells.

Dungeon Overview and Level Annotations

Branches:
Dungeon (5/15)
 Temple: D:4-7

Altars:
Kikubaaqudgha
Ru
Beogh

Annotations:
D:3 exclusion: downstairs
D:4 Herrn's ghost, experienced GrHu


Message History

The orc wizard is severely wounded.
You feel less confused. You block the orc's attack.
The orc wizard hits you but does no damage.
Drink which item? (? for menu, Esc to quit)
Okay, then.
You slash the orc wizard!
You kill the orc wizard!
Your shield and scale mail prevent you from hitting the orc.
The orc is lightly wounded.
The orc hits you but does no damage.
Your shield and scale mail prevent you from hitting the orc.
The orc is lightly wounded.
The orc priest threatens, "By the altar or by the axe, you will meet Beogh!"
You closely miss the orc. x2
The orc priest shouts, "Surrender to Beogh and we'll let you live!"
The orc hits you but does no damage. x2
The orc priest calls down the wrath of Beogh upon you.
Something smites you!
You die...

......##.
##......#.#
.........
#.......
#......##
#.......
#..o.# ##o#
#o@# #.##
##.# #
###..# .#
####...##
###.
#..).###
#.. #.####
##.# ##.#
#..#####..#


You could see an orc priest and 2 orcs.

Vanquished Creatures
  An ogre (D:5)
  A centaur zombie (D:3)
  A crimson imp (D:5)
  An orc priest (D:4)
  Crazy Yiuf (D:2)
  3 orc wizards
  A worker ant (D:3)
  7 adders
  6 gnolls
  A giant mite (D:4)
  5 worms
  3 giant geckos
  An ooze (D:3)
  4 orcs
  4 ball pythons
  14 goblins
  13 hobgoblins
  20 kobolds
  2 quokkas (D:3)
  9 bats
  2 giant cockroaches
  11 giant newts
  11 jackals
  8 rats
  4 plants (Sewer)
134 creatures vanquished.

Notes
Turn   | Place    | Note
--------------------------------------------------------------
     0 | D:1      | Monkaria, the Hill Orc Fighter, began the quest for the Orb.
     0 | D:1      | Reached XP level 1. HP: 19/19 MP: 1/1
   348 | D:1      | Reached XP level 2. HP: 25/27 MP: 2/2
   943 | D:2      | Reached skill level 4 in Axes
  1020 | D:2      | Reached XP level 3. HP: 23/33 MP: 3/3
  1160 | D:2      | Reached XP level 4. HP: 39/41 MP: 4/4
  1200 | D:2      | Reached skill level 5 in Axes
  1399 | D:2      | Noticed Crazy Yiuf
  1406 | D:2      | Killed Crazy Yiuf
  1562 | D:2      | Reached XP level 5. HP: 35/47 MP: 5/5
  1563 | D:2      | Found an ancient bone altar of Kikubaaqudgha.
  2014 | D:3      | Reached skill level 5 in Fighting
  2014 | D:3      | Reached skill level 6 in Axes
  2111 | D:3      | Found a sacrificial altar of Ru.
  2189 | D:3      | Found a glowing drain.
  2206 | Sewer    | Entered a sewer
  2268 | Sewer    | Reached skill level 7 in Axes
  2284 | Sewer    | Reached XP level 6. HP: 56/56 MP: 6/6
  3546 | D:4      | Noticed Herrn's ghost (experienced GrHu)
  3585 | D:3      | Reached skill level 8 in Axes
  3798 | D:4      | Found a roughly hewn altar of Beogh.
  3970 | D:4      | Reached XP level 7. HP: 37/61 MP: 7/7
  4373 | D:5      | Entered Level 5 of the Dungeon
  4380 | D:5      | Reached skill level 9 in Axes
  4671 | D:5      | Killed from afar by an orc priest

Action                   |  1- 3 |  4- 6 |  7- 9 || total
-------------------------+-------+-------+-------++-------
Melee: War axe           |   104 |   354 |    55 ||   513
  Use: Scroll            |     5 |     2 |     1 ||     8
       Potion            |     1 |       |       ||     1
 Stab: Invisible         |       |     1 |       ||     1
       Paralysed         |       |     1 |       ||     1
  Eat: Chunk             |     1 |    10 |     2 ||    13
